 Dungeon Crawl Stone Soup version 0.30.1-11-g7821555f0a (webtiles) character file.

Game seed: 13942855866638020387

112 angrytalen3 the Chopper (level 4, 0/37 HPs)
             Began as a Minotaur Gladiator on Dec 19, 2023.
             Was an Initiate of Hepliaklqana.
             Slain by an orc priest
             ... wielding a +2 vampiric dagger
              (2 damage)
             ... on level 4 of the Dungeon.
             The game lasted 00:07:51 (2962 turns).

angrytalen3 the Chopper (Minotaur Gladiator)        Turns: 2962, Time: 00:07:53

Health: 0/37       AC:  9    Str: 20    XL:     4   Next: 64%
Magic:  3/3        EV:  8    Int:  5    God:    Hepliaklqana [......]
Gold:   128        SH:  0    Dex: 12    Spells: 3/3 levels left

rFire   . . .        a - +0 war axe
rCold   . . .        (no shield)
rNeg    . . .        v - +0 chain mail
rPois   .            c - +0 hat
rElec   .            (no cloak)
rCorr   .            m - +0 pair of gloves
SInv    +            (no boots)
Will    +....        (no amulet) Stlth
                     l - ring of willpower
HPRegen 0.26/turn    n - ring of see invisible
MPRegen 0.08/turn

%: no passive effects
@: no status effects
A: horns 2, retaliatory headbutt
a: Renounce Religion


You were on level 4 of the Dungeon.
You worshipped Hepliaklqana.
Hepliaklqana was noncommittal.
You visited 1 branch of the dungeon, and saw 5 of its levels.

You collected 128 gold pieces.

Inventory:

Hand Weapons
 a - a +0 war axe (weapon)
Missiles
 d - 3 throwing nets (quivered)
 e - a javelin
 h - 4 poisoned darts
 r - 5 boomerangs
Armour
 b - a +0 leather armour
 c - a +0 hat (worn)
 m - a +0 pair of gloves (worn)
 v - a +0 chain mail (worn)
 C - a +0 pair of boots
Jewellery
 l - a ring of willpower (left hand)
 n - a ring of see invisible (right hand)
Wands
 A - a wand of quicksilver (12)
Scrolls
 j - 3 scrolls of identify {unknown}
 p - a scroll of fog {unknown}
 w - a scroll of silence {unknown}
 x - a scroll of vulnerability {unknown}
 y - 2 scrolls of teleportation {unknown}
 B - a scroll of blinking {unknown}
Potions
 f - 3 potions of haste {unknown}
 g - a potion of curing {unknown}
 i - a potion of mutation {unknown}
 k - a potion of lignification {unknown}
 o - 2 potions of cancellation {unknown}
 q - a potion of attraction {unknown}
 s - 3 potions of heal wounds {unknown}
 t - a potion of magic {unknown}
 u - a potion of flight {unknown}
 z - a potion of brilliance {unknown}


   Skills:
 - Level 2.4 Fighting
 + Level 6.5 Axes
 - Level 2.0 Throwing
 - Level 3.2 Dodging
 + Level 0.3 Stealth


You had 3 spell levels left.
You didn't know any spells.
Your spell library contained the following spells:

 Spells                   Type           Power      Damage    Failure   Level
 Sandblast                Erth           0%         2d4       99%         1
 Passwall                 Tmut/Erth      0%         N/A       100%        2
 Static Discharge         Conj/Air       0%         2-2/arc   100%        2
 Ozocubu's Armour         Ice            0%         N/A       100%        3
 Stone Arrow              Conj/Erth      0%         3d7       100%        3
 Airstrike                Air            0%         2d(0-16)  100%        4
 Summon Lightning Spire   Summ/Air       0%         N/A       100%        4
 Ozocubu's Refrigeration  Ice            0%         4d7       100%        7


Dungeon Overview and Level Annotations

Branches:
Dungeon (5/15)
 Temple: D:4-7

Altars:
Hepliaklqana


Innate Abilities, Weirdness & Mutations

You have a pair of horns on your head.
You reflexively headbutt those who attack you in melee.


Message History

The adder poisons you!
The orc priest hits you but does no damage.
You climb downwards.
You feel sick.
The orc shouts! x3; The orc wizard shouts!
The gnoll shouts!
There is a stone staircase leading up here.
You feel sick. The adder bites you but does no damage.
The orc priest hits you but does no damage.
The orc hits you with a +0 dagger.
* * * LOW HITPOINT WARNING * * *
You climb upwards.
You feel sick.
You are no longer poisoned.
The orc hits you with a +0 dagger.
* * * LOW HITPOINT WARNING * * *
There is a stone staircase leading down here.
You completely miss the orc. You closely miss the orc.
You hit the adder but do no damage. The adder barely misses you.
The orc closely misses you. The adder barely misses you.
You furiously retaliate!
You headbutt the adder!
You kill the adder!
The orc hits you with a +0 dagger.
* * * LOW HITPOINT WARNING * * *
The orc barely misses you. You furiously retaliate!
You headbutt the orc, but do no damage.
Unknown command.
You hit the orc but do no damage. You headbutt the orc.
The orc is heavily wounded.
You barely miss the orc. The orc hits you but does no damage. x2
You closely miss the orc.
The orc is heavily wounded.
You hit the orc.
You hit the orc priest but do no damage.
The orc priest hits you but does no damage.
The orc barely misses you. The orc hits you but does no damage.
You slash the orc!
You kill the orc!
You hit the orc. You barely miss the orc priest.
The orc priest barely misses you. You furiously retaliate!
You headbutt the orc priest. The orc completely misses you.
The orc priest hits you with a +2 vampiric dagger.
You die...

...#.....###...
..........#...
.....>......#.##
...........##...## #..
...........#......
.... .......).....#
..# ##w...
.......)<..### #.#
.....# ...........#
#o####.....
..........## #@##....#
...#......######oo#..#
.
#########.....###)w..#
.# #.###...##...# ..
#.# ###..#...###.#.#
#.# ##.###.......# #.#
#........#... #.#
####..#### #.# ##.#


You could see an orc priest, a dart slug and 2 orcs.

Vanquished Creatures
  An orc priest (D:4)
  3 adders
  2 dart slugs (D:1)
  7 orcs
  3 endoplasms
  6 hobgoblins
  3 kobolds
  4 quokkas
  3 ball pythons
  7 bats
  5 frilled lizards
  3 goblins
  3 rats (D:2)
50 creatures vanquished.

Notes
Turn   | Place    | Note
-------+----------+-------------------------------------------
     0 | D:1      | angrytalen3 the Minotaur Gladiator began the quest for the
                  | Orb.
     0 | D:1      | Reached XP level 1. HP: 18/18 MP: 0/0
   102 | D:1      | Reached skill level 4 in Axes
   264 | D:1      | Reached XP level 2. HP: 18/25 MP: 1/1
  1072 | D:2      | Reached skill level 5 in Axes
  1138 | D:2      | Reached XP level 3. HP: 28/30 MP: 2/2
  2527 | D:3      | Found a hazy altar of Hepliaklqana.
  2531 | D:3      | Became a worshipper of Hepliaklqana the Forgotten
  2899 | D:3      | Reached XP level 4. HP: 37/37 MP: 3/3
  2904 | D:4      | Reached skill level 6 in Axes
  2956 | D:5      | Entered Level 5 of the Dungeon
  2959 | D:4      | HP: 1/37 [orc/+0 dagger (4)]
  2962 | D:4      | Slain by an orc priest

Illustrated notes

Levels and vault maps discovered:
D:1:      dpeg_arrival_chambers_temple_mockup, layout_basic
D:2:      layout_basic
D:3:      layout_basic, mainiacjoe_overflow_alcove_4
D:4:      layout_rooms
D:5:      layout_cave_pods

Skill      XL: |  1  2  3  4 |
---------------+-------------+-----
Axes           | 4 5 6 |  6.5
Fighting       | |  2.4
Throwing       | |  2.0
Dodging        | |  3.2
Stealth        | |  0.3

Action                     |  1- 3 |  4- 6 || total
---------------------------+-------+-------++-------
  Melee: War axe           |    80 |    11 ||    91
         Headbutt          |     6 |     3 ||     9
         Punch             |     1 |     1 ||     2
 Armour: Leather armour    |    18 |       ||    18
         Chain mail        |    20 |    14 ||    34
  Dodge: Dodged            |    60 |    12 ||    72
